Map: [ESL] Stargazers

Players

Solar

  • Race: Zerg Zerg
  • League: Master
  • Spawn Location: 1:00

llllllllllll (herO) - Winner!

  • Race: Protoss Protoss
  • League: Master
  • Spawn Location: 11:00

VOD

Have the link to the VOD?

Description

Time

  • Played on: Oct. 22, 2022, 10 a.m.
  • Length: 13:41
Show
View Real Time Build Order
Export as new Build Order

Solar Zerg 

Build Orders: Hatch First 

Get SALT Encoding   

  12  0:00  Drone  
  13  0:12  Overlord  
  13  0:17  Drone  
  14  0:31  Drone x2  
  16  0:47  Hatchery  
  15  0:51  Drone  
  15  0:55  Drone  
  17  0:58  Drone  
  18  1:08  Extractor  
  17  1:13  Spawning Pool  
  17  1:16  Drone  
  17  1:19  Drone  
  18  1:27  Drone  
  19  1:38  Drone  
  20  1:49  Overlord  
  20  1:59  Queen  
  20  2:00  Queen  
  20  2:01  Zergling x4  
  26  2:10  Drone x2  
  26  2:12  Metabolic Boost  
  28  2:22  Drone x2  
  30  2:34  Hatchery  
  30  2:35  Drone  
  30  2:41  Queen  
  32  2:46  Overlord  
  32  2:51  Drone x2  
  34  2:54  Drone  
  34  2:55  Drone  
  36  3:04  Queen  
  36  3:05  Drone  
  39  3:09  Drone x3  
  42  3:15  Drone  
  42  3:17  Overlord  
  43  3:20  Drone  
  44  3:28  Overlord  
  44  3:32  Spore Crawler, Drone  
  44  3:34  Queen  
  44  3:40  Drone x2  
  48  3:43  Drone  
  48  3:46  Queen, Drone x3  
  54  3:54  Drone x3  
  54  3:55  Evolution Chamber  
  56  3:59  Spore Crawler  
  56  4:00  Drone x2  
  56  4:01  Drone  
  58  4:05  Overlord  
  58  4:07  Drone  
  58  4:08  Drone  
  60  4:11  Drone x2  
  60  4:15  Queen  
  64  4:18  Drone x2  
  64  4:23  Zerg Melee Weapons Level 1  
  66  4:27  Overlord  
  66  4:31  Overlord  
  66  4:41  Baneling Nest  
  66  4:42  Zergling x2  
  66  4:45  Overlord  
  66  4:46  Drone  
  66  4:47  Zergling x6, Queen  
  66  4:49  Zergling x12  
  78  4:54  Spore Crawler, Drone  
  78  4:55  Drone x2  
  78  4:56  Drone x2  
  78  4:59  Extractor  
  81  5:05  Drone  
  82  5:08  Drone x2  
  82  5:09  Drone  
  82  5:13  Hatchery  
  84  5:14  Lair  
  84  5:15  Drone x3  
  84  5:20  Drone  
  84  5:21  Drone x2, Extractor  
  89  5:22  Drone  
  89  5:29  Drone, Overlord, Extractor  
  89  5:30  Overlord, Extractor  
  89  5:34  Drone  
  89  5:35  Overlord  
  89  5:39  Drone  
  89  5:44  Overlord  
  89  5:49  Drone x2  
  91  5:50  Drone x2  
  91  5:52  Zergling x8  
  91  5:55  Zergling x6  
  99  5:57  Drone  
  99  6:02  Drone x2  
  102  6:04  Zergling x4  
  102  6:08  Overlord  
  102  6:10  Queen  
  106  6:11  Extractor  
  106  6:13  Queen  
  106  6:15  Drone  
  106  6:17  Drone  
  106  6:18  Queen  
  109  6:19  Drone  
  109  6:22  Spire, Overlord  
  107  6:27  Drone x3  
  107  6:29  Overlord  
  107  6:31  Drone  
  107  6:32  Drone x6  
  116  6:39  Drone x2  
  118  6:43  Queen  
  118  6:47  Queen, Overlord  
  118  6:48  Spore Crawler, Overlord  
  118  6:50  Overlord  
  118  6:52  Overlord  
  119  6:54  Spore Crawler  
  119  6:55  Drone  
  119  6:56  Drone x4  
  119  6:58  Drone  
  115  7:03  Zerg Melee Weapons Level 2  
  115  7:05  Overlord  
  115  7:08  Drone  
  116  7:10  Drone  
  116  7:11  Queen  
  116  7:13  Drone x7  
  120  7:18  Overlord  
  120  7:22  Spore Crawler  
  120  7:23  Spore Crawler  
  115  7:36  Corruptor  
  115  7:37  Corruptor x5  
  115  7:41  Corruptor x2  
  131  7:49  Roach Warren  
  130  7:52  Corruptor x3  
  130  7:57  Overlord  
  130  7:58  Overlord  
  136  7:59  Drone x3  
  139  8:11  Corruptor x2  
  140  8:14  Drone  
  140  8:15  Drone  
  140  8:16  Zergling x22, Extractor  
  150  8:25  Overlord x2  
  150  8:29  Glial Reconstitution, Centrifugal Hooks  
  150  8:31  Roach  
  150  8:33  Roach  
  150  8:34  Roach  
  156  8:36  Roach  
  156  8:37  Roach  
  160  8:42  Hatchery  
  160  8:48  Overlord x2  
  159  8:50  Overlord  
  159  8:56  Ravager x4  
  159  8:57  Roach  
  159  8:58  Zergling x2  
  159  8:59  Zergling x20  
  159  9:00  Overlord  
  176  9:05  Overlord  
  176  9:06  Zergling x10  
  176  9:07  Zergling x2  
  182  9:18  Infestation Pit  
  182  9:20  Zergling x18  
  182  9:22  Zergling x4  
  189  9:25  Drone  
  189  9:29  Zergling x4  
  189  9:30  Zergling x2  
  189  9:31  Baneling x5, Ravager x2  
  195  9:32  Baneling x2  
  195  9:35  Zergling x2  
  195  9:36  Zergling x4  
  198  9:38  Zergling x2  
  198  9:39  Zergling x2  
  198  9:43  Zergling x4  
  198  9:45  Zergling x2  
  198  9:47  Zergling x10  
  198  9:51  Roach x2  
  198  9:52  Roach  
  188  9:55  Zergling x6  
  188  9:59  Zergling x8  
  181  10:01  Drone x2  
  181  10:06  Zergling x8, Hive  
  183  10:09  Zergling x4  
  183  10:10  Zergling x2  
  184  10:15  Zergling x2  
  184  10:16  Zergling x8, Extractor  
  184  10:20  Baneling x12  
  184  10:21  Ravager x3  
  190  10:23  Zergling x4  
  190  10:24  Zergling x2  
  190  10:25  Zergling x2  
  190  10:28  Zergling x6  
  195  10:29  Zergling x2  
  196  10:35  Zerg Ground Armor Level 1  
  196  10:36  Zergling x6  
  196  10:38  Baneling x10  
  199  10:46  Zergling x4  
  199  10:49  Zergling x6  
  199  10:51  Zergling x2  
  199  10:52  Zergling x4  
  194  10:58  Zergling x6  
  194  11:00  Zergling x2  
  194  11:02  Zergling x16  
  195  11:05  Zergling x6  
  195  11:08  Zergling x8  
  191  11:12  Zergling x14  
  191  11:17  Zergling x4  
  191  11:21  Zergling x2  
  191  11:24  Adrenal Glands  
  191  11:25  Zergling x10  
  182  11:26  Zergling x4  
  182  11:28  Greater Spire  
  182  11:32  Spine Crawler  
  179  11:36  Zergling x14  
  186  11:42  Baneling x8  
  186  11:43  Baneling x4  
  186  11:48  Zergling x12  
  186  11:49  Zergling x2  
  186  11:51  Zergling x4  
  192  11:55  Zergling x8  
  192  11:56  Zergling x4  
  192  12:00  Baneling x8  
  192  12:01  Baneling x3  
  193  12:07  Zergling x10  
  197  12:19  Zergling x2  
  197  12:20  Zergling x22  
  191  12:24  Roach  
  191  12:25  Roach  
  159  12:31  Roach x8  
  159  12:34  Zergling x4  
  160  12:38  Roach  
  160  12:39  Roach  
  160  12:42  Roach x4  
  160  12:43  Zergling x2  
  162  12:48  Baneling x13  
  162  12:51  Zergling x6  
  158  12:57  Ravager x7  
  158  12:58  Roach x2  
  163  12:59  Zergling x2  
  163  13:02  Zergling x4  
  163  13:04  Zergling x4  
  158  13:08  Zergling x2  
  158  13:12  Zergling x10  
  129  13:14  Zergling x2  
  129  13:17  Zergling x4  
  122  13:20  Zergling x4  
  122  13:23  Zergling x4  
Show
View Real Time Build Order
Export as new Build Order

llllllllllll Protoss - Winner!

Build Orders: 1 Gate Expand, Oracle Opening, Mass Phoenix 

Get SALT Encoding   

  12  0:00  Probe  
  13  0:12  Probe  
  14  0:17  Pylon  
  14  0:24  Probe (Chrono Boost)  
  15  0:29  Assimilator  
  16  0:37  Probe (Chrono Boost)  
  16  0:43  Probe (Chrono Boost)  
  16  0:48  Gateway  
  17  0:51  Probe  
  18  1:03  Probe  
  19  1:15  Probe  
  20  1:23  Nexus  
  20  1:35  Cybernetics Core  
  20  1:36  Probe  
  21  1:42  Assimilator  
  21  1:49  Probe  
  21  1:53  Pylon  
  22  2:01  Probe  
  23  2:08  Adept (Chrono Boost)  
  23  2:11  Warp Gate  
  23  2:13  Probe  
  26  2:18  Stargate  
  26  2:26  Probe (Chrono Boost)  
  27  2:31  Adept  
  27  2:35  Probe (Chrono Boost)  
  30  2:38  Probe (Chrono Boost)  
  31  2:45  Probe (Chrono Boost)  
  31  2:46  Probe (Chrono Boost)  
  31  2:51  Probe x2 (Chrono Boost)  
  35  3:00  Oracle (Chrono Boost)  
  35  3:04  Probe x2  
  40  3:08  Pylon  
  40  3:16  Probe x2  
  42  3:22  Gateway  
  42  3:28  Oracle (Chrono Boost), Probe x2  
  47  3:40  Probe x2  
  51  3:56  Oracle (Chrono Boost)  
  51  3:57  Pylon  
  51  4:00  Stalker  
  54  4:09  Nexus  
  54  4:12  Assimilator  
  54  4:14  Assimilator  
  54  4:15  Probe x2  
  56  4:22  Stargate  
  56  4:27  Probe x2  
  58  4:33  Pylon  
  58  4:35  Pylon  
  58  4:37  Phoenix (Chrono Boost)  
  60  4:39  Probe x2  
  62  4:46  Assimilator  
  62  4:51  Assimilator  
  62  4:52  Probe x2  
  64  4:54  Pylon  
  64  4:59  Phoenix (Chrono Boost)  
  64  5:01  Forge  
  64  5:04  Probe x2  
  70  5:09  Phoenix (Chrono Boost)  
  70  5:16  Probe x2  
  70  5:17  Shield Battery, Phoenix (Chrono Boost)  
  74  5:25  Probe  
  75  5:29  Phoenix (Chrono Boost)  
  75  5:30  Probe x2  
  75  5:35  Phoenix (Chrono Boost)  
  79  5:37  Protoss Ground Weapons Level 1 (Chrono Boost), Probe  
  79  5:42  Probe  
  83  5:44  Probe  
  83  5:46  Phoenix (Chrono Boost)  
  83  5:49  Probe  
  87  5:54  Phoenix (Chrono Boost)  
  89  5:57  Pylon  
  89  5:59  Probe x2  
  89  6:01  Probe  
  89  6:02  Sentry  
  89  6:03  Phoenix (Chrono Boost)  
  96  6:12  Phoenix  
  95  6:26  Phoenix  
  95  6:27  Probe x3  
  100  6:34  Twilight Council  
  100  6:37  Phoenix, Robotics Facility  
  100  6:39  Gateway  
  102  6:41  Probe x2  
  102  6:42  Probe  
  102  6:43  Gateway  
  103  6:50  Sentry x2  
  105  7:02  Forge  
  105  7:06  Blink (Chrono Boost)  
  105  7:07  Gateway  
  105  7:08  Gateway  
  105  7:10  Gateway  
  105  7:13  Pylon  
  105  7:29  Stalker x2  
  109  7:40  Protoss Ground Weapons Level 2 (Chrono Boost)  
  109  7:43  Stalker x2  
  113  7:47  Protoss Ground Armor Level 1 (Chrono Boost)  
  113  7:48  Warp Prism  
  115  7:55  Stalker  
  115  7:57  Pylon  
  115  7:58  Pylon  
  117  8:00  Pylon  
  117  8:01  Pylon  
  117  8:03  Photon Cannon x2, Pylon  
  117  8:05  Shield Battery  
  117  8:06  Pylon  
  117  8:10  Pylon  
  117  8:18  Stalker x6  
  129  8:22  Probe x2  
  129  8:23  Probe  
  129  8:25  Stalker  
  134  8:28  Nexus  
  134  8:30  Pylon  
  132  8:36  Probe x2  
  132  8:37  Probe  
  135  8:45  Stalker x2  
  135  8:46  Stalker x4  
  144  8:52  Photon Cannon  
  144  8:53  Shield Battery  
  144  8:55  Photon Cannon  
  144  9:00  Charge  
  144  9:01  Stalker  
  146  9:06  Observer  
  147  9:15  Stalker x6  
  155  9:39  Protoss Ground Armor Level 2 (Chrono Boost)  
  155  9:41  Stalker x4  
  155  9:42  Stalker x3  
  153  9:54  Immortal  
  136  10:06  Stalker x7  
  144  10:12  Templar Archives  
  142  10:18  Assimilator  
  142  10:19  Assimilator  
  143  10:21  Probe x4  
  146  10:31  Zealot x7  
  160  10:39  Gateway  
  160  10:41  Gateway  
  160  10:42  Gateway  
  160  10:43  Immortal (Chrono Boost)  
  162  10:57  High Templar x7  
  162  11:02  Archon x3  
  141  11:14  Warp Prism (Chrono Boost)  
  139  11:29  Nexus, High Templar  
  139  11:30  Zealot x4, High Templar x2  
  139  11:31  Pylon  
  141  11:35  Zealot, Archon  
  143  11:41  Stalker x2  
  143  11:42  Archon  
  147  11:52  Zealot x2, High Templar x2  
  155  11:56  Archon  
  155  11:58  Zealot  
  155  11:59  Photon Cannon  
  155  12:00  Shield Battery  
  157  12:04  Zealot x4  
  165  12:21  Zealot, High Templar x2  
  165  12:22  Zealot  
  169  12:28  Archon  
  169  12:29  Zealot x6  
  143  12:37  Warp Prism (Chrono Boost)  
  141  12:51  Zealot x5  
  147  12:53  Zealot x2  
  137  13:21  Stalker x7  
Tags
 
Add a new tag
Caveats
  • Supply blocks, unpowered buildings, or Contaminate may cause inaccurate times.
  • Supply counts are checked every 10 seconds.